 Dungeon Crawl Stone Soup version 0.19.4-8-ga85b6b9 (webtiles) character file.

702 Chiseanne the Conjurer (level 7, -1/41 HPs)
             Began as an Octopode Wizard on Feb 11, 2017.
             Slain by an ice beast (5 damage)
             ... on level 5 of the Dungeon.
             The game lasted 00:14:41 (5748 turns).

Chiseanne the Conjurer (Octopode Wizard)            Turns: 5748, Time: 00:14:41

Health: -1/41      AC:  2    Str:  6    XL:     7   Next: 66%
Magic:  2/15       EV: 13    Int: 22    God:
Gold:   157        SH:  0    Dex: 11    Spells: 5 memorised, 6 levels left

rFire  . . .     SeeInvis .     a - +2 dagger (venom)
rCold  . . .     Gourm    .     (no shield)
rNeg   + . .     Faith    .     f - +1 hat
rPois  .         Spirit   .     (no amulet)
rElec  .         Reflect  .     m - ring of resist corrosion
rCorr  +         Harm     .     y - ring of positive energy
MR     .....                    (no ring)
Stlth  +++.......               (no ring)
                                (no ring)
                                (no ring)
                                (no ring)
                                (no ring)

@: repel missiles
A: almost no armour, stealthy swim, amphibious, 8 rings, constrict 8, camouflage
1, gelatinous body 1
a: no special abilities


You were on level 5 of the Dungeon.
You were not hungry.

You visited 1 branch of the dungeon, and saw 5 of its levels.

You collected 193 gold pieces.
You spent 36 gold pieces at shops.

Inventory:

Hand Weapons
 a - a +2 dagger of venom (weapon)
 g - a +2 dagger of freezing
Missiles
 d - 152 stones (quivered)
 e - 10 poisoned needles
 i - 71 arrows
 k - 70 bolts
 o - 49 sling bullets
 w - 4 tomahawks
Armour
 f - a +1 hat (worn)
 q - a +0 buckler
 t - a +0 shield
Magical Staves
 u - an uncursed staff of poison {unknown}
 D - an uncursed staff of summoning {unknown}
Jewellery
 m - a ring of resist corrosion (left tentacle)
 y - a ring of positive energy (right tentacle)
Scrolls
 x - a scroll of magic mapping
 B - a scroll of teleportation
 C - a scroll of immolation
 E - a scroll of amnesia
Potions
 l - 2 potions of might
 n - a potion of berserk rage {unknown}
 p - 4 potions of curing
 s - a potion of magic
 v - 2 potions of agility {unknown}
Comestibles
 b - 2 chunks of flesh
 c - 4 bread rations
 h - 4 meat rations
 j - a royal jelly
 r - a slice of pizza
 z - a fruit


   Skills:
 - Level 2.0 Dodging
 - Level 2.6 Stealth
 * Level 5.9 Spellcasting
 * Level 6.0 Conjurations
   Level 1.0 Summonings
 - Level 1.0 Translocations


You had 6 spell levels left.
You knew the following spells:

 Your Spells              Type           Power        Failure   Level  Hunger
a - Magic Dart            Conj           ####         1%          1    None
b - Mephitic Cloud        Conj/Pois/Air  ###.....     14%         3    #......
c - Conjure Flame         Conj/Fire      ###.....     12%         3    #......
d - Blink                 Tloc           N/A          12%         2    None
e - Repel Missiles        Chrm/Air       #.....       17%         2    None


Dungeon Overview and Level Annotations

Branches:
Dungeon (5/15)
 Temple: D:4-7

Altars:
Ashenzari
Hepliaklqana
Kikubaaqudgha
Nemelex Xobeh
Uskayaw
Yredelemnul

Shops:
D:4 !==

Annotations:
D:1 exclusion: door
D:4 dngmouse's ghost, amateur MiTm


Innate Abilities, Weirdness & Mutations

You cannot wear most types of armour.
You are very stealthy in the water. (Stealth+)
You are amphibious.
You can wear up to eight rings at the same time.
You can use your tentacles to constrict eight enemies at once.
Your skin changes colour to match your surroundings (Stealth+).
Your rubbery body absorbs attacks. (AC +1, EV +1)


Message History

The ice beast is severely wounded.
The ice beast hits you. The ice beast freezes you!
Casting: Magic Dart
Confirm with . or Enter, or press ? or * to list all spells.
Aiming: Magic Dart
Press: ? - help, Shift-Dir - straight line, f/p - ice beast
Aim: an ice beast (severely wounded)
The magic dart hits the ice beast.
The ice beast is severely wounded.
The ice beast hits you. The ice beast freezes you!
* * * LOW HITPOINT WARNING * * *
Casting: Magic Dart
Confirm with . or Enter, or press ? or * to list all spells.
Aiming: Magic Dart
Press: ? - help, Shift-Dir - straight line, f/p - ice beast
Aim: an ice beast (severely wounded)
The magic dart hits the ice beast.
The ice beast is almost dead.
The ice beast hits you.
You die...

...##.##.#.# ...#
.......#.#.# ...#.#
_......#.#.# #..#.#
.......#.#.# #..#.#
...........# #..#.#
#......#.#####..#.#
##.......)......#.#
#...##.....###.#.#
#...##.....# #.@.#
#...##.....# ##Y.#
#...##.....# #†.#
#... ##....# #.$#
#.###. #... #. .#
##..# !.. ....


You could see an ice beast.

Vanquished Creatures
  Sigmund (D:3)
  A howler monkey (D:4)
  A hound (D:5)
  3 orc priests
  A centaur skeleton (D:4)
  Jessica (D:3)
  3 orc wizards
  3 worker ants
  A gnoll (D:1)
  3 adders
  2 oozes
  A worm (D:2)
  2 dart slugs (D:1)
  4 leopard geckos
  16 orcs
  A ball python (D:3)
  10 giant cockroaches
  7 goblins
  5 hobgoblins
  8 jackals
  2 quokkas
  12 bats
  3 frilled lizards
  8 kobolds
  11 rats
110 creatures vanquished.

Notes
Turn   | Place    | Note
-------+----------+-------------------------------------------
     0 | D:1      | Chiseanne the Octopode Wizard began the quest for the Orb.
     0 | D:1      | Reached XP level 1. HP: 11/11 MP: 4/4
    97 | D:1      | Reached skill level 2 in Conjurations
    97 | D:1      | Reached XP level 2. HP: 13/17 MP: 1/6
   550 | D:1      | Reached XP level 3. HP: 21/21 MP: 2/7
   607 | D:1      | Found a shattered altar of Ashenzari.
   681 | D:1      | Reached skill level 3 in Conjurations
  1265 | D:2      | Found an ancient bone altar of Kikubaaqudgha.
  1366 | D:2      | Learned a level 3 spell: Mephitic Cloud
  1370 | D:2      | Learned a level 3 spell: Conjure Flame
  1452 | D:2      | Reached XP level 4. HP: 27/27 MP: 9/9
  1473 | D:2      | Found a basalt altar of Yredelemnul.
  2054 | D:3      | Noticed Jessica
  2108 | D:3      | Killed Jessica
  2215 | D:3      | Learned a level 2 spell: Blink
  2253 | D:3      | Found a hide-covered altar of Uskayaw.
  2256 | D:3      | Reached XP level 5. HP: 31/31 MP: 7/10
  2734 | D:3      | Found a hazy altar of Hepliaklqana.
  2879 | D:3      | Reached skill level 4 in Conjurations
  3152 | D:3      | Noticed Sigmund
  3166 | D:3      | Killed Sigmund
  3166 | D:3      | Reached XP level 6. HP: 22/36 MP: 4/13
  3441 | D:4      | Reached skill level 5 in Spellcasting
  3441 | D:4      | Reached skill level 5 in Conjurations
  3641 | D:4      | Reached XP level 7. HP: 25/41 MP: 2/14
  3940 | D:4      | Noticed dngmouse's ghost (amateur MiTm)
  4044 | D:4      | Found Nytuikage's Jewellery Emporium.
  4494 | D:4      | Found Hieheptu's Jewellery Emporium.
  4501 | D:4      | Bought a cursed amulet of inaccuracy for 22 gold pieces
  4800 | D:4      | Found Ceezops's Distillery.
  4804 | D:4      | Bought a potion of degeneration for 14 gold pieces
  5264 | D:4      | Learned a level 2 spell: Repel Missiles
  5310 | D:5      | Entered Level 5 of the Dungeon
  5690 | D:5      | Found a sparkling altar of Nemelex Xobeh.
  5731 | D:5      | Reached skill level 6 in Conjurations
  5748 | D:5      | Slain by an ice beast

Skill      XL: |  1  2  3  4  5  6  7 |
---------------+----------------------+-----
Conjurations   | 2 3 4 5 6 |  6.0
Spellcasting   | 4 5 |  5.9
Dodging        | |  2.0
Stealth        | |  2.6
Summonings     | |  1.0
Translocations | |  1.0

Action                   |  1- 3 |  4- 6 |  7- 9 || total
-------------------------+-------+-------+-------++-------
Melee: Unarmed           |    12 |       |       ||    12
       Constrict         |    12 |    10 |     9 ||    31
       Tentacles         |     7 |     4 |     6 ||    17
       Dagger            |    25 |    38 |    36 ||    99
 Cast: Magic Dart        |    49 |    92 |    71 ||   212
       Blink             |       |     1 |       ||     1
       Mephitic Cloud    |       |     2 |     1 ||     3
       Repel Missiles    |       |       |     1 ||     1
  Use: Scroll            |     5 |     6 |     4 ||    15
 Stab: Sleeping          |     3 |     1 |     2 ||     6
       Confused          |       |       |     2 ||     2
  Eat: Chunk             |     2 |     6 |     7 ||    15
Armor: Skin              |     4 |     3 |     6 ||    13
Dodge: Dodged            |    19 |    22 |    18 ||    59
